 Dungeon Crawl Stone Soup version 0.30-a0-561-g1b0378597e (webtiles) character file.

Game seed: 1478987230045711206

36 M4edhros the Cudgeller (level 3, -5/26 HPs)
             Began as an Octopode Chaos Knight on Dec 28, 2022.
             Was a Plaything of Xom.
             Slain by a soul eater (12 damage)
             ... summoned by Xom
             ... on level 1 of the Dungeon.
             The game lasted 00:00:47 (1491 turns).

M4edhros the Cudgeller (Octopode Chaos Knight)      Turns: 1491, Time: 00:00:48

Health: -5/26      AC:  1    Str: 11    XL:     3   Next: 37%
Magic:  3/3        EV: 13    Int: 14    God:    Xom [......]
Gold:   100        SH:  0    Dex: 13    Spells: 2/2 levels left

rFire   . . .      SeeInvis .    a - +0 mace (chaos)
rCold   . . .      Faith    .    (no shield)
rNeg    . . .      Spirit   .    (helmet restricted)
rPois   .          Reflect  .    (no amulet)
rElec   .          Harm     .    e - ring of resist corrosion
rCorr   +          Rampage  .    (no ring)
Will    .....                    (no ring)
Stlth   ++                       (no ring)
HPRegen 0.24/turn                (no ring)
MPRegen 0.08/turn                (no ring)
                                 (no ring)
                                 (no ring)

@: hasted, very quick
A: almost no armour, amphibious, 8 rings, camouflage 1, gelatinous body 1,
(nimble swimmer 1), tentacles
a: Renounce Religion


You were on level 1 of the Dungeon.
You worshipped Xom.
You were a very special plaything of Xom.
You visited 1 branch of the dungeon, and saw 1 of its levels.

You collected 100 gold pieces.

Inventory:

Hand Weapons
 a - a +0 mace of chaos (weapon)
Jewellery
 e - a ring of resist corrosion (left tentacle)
Scrolls
 c - 2 scrolls of fog {unknown}
 f - a scroll of identify {unknown}
Miscellaneous
 b - a piece from Xom's chessboard (15/15) (quivered)


   Skills:
 + Level 3.4 Fighting
 + Level 3.5 Maces & Flails
 + Level 2.9 Dodging


You had 2 spell levels left.
You didn't know any spells.
Your spell library contained the following spells:

 Spells                   Type           Power      Damage    Failure   Level
 Summon Small Mammal      Summ           0%         N/A       28%         1
 Call Canine Familiar     Summ           0%         N/A       65%         3
 Summon Guardian Golem    Hex/Summ       0%         N/A       65%         3


Dungeon Overview and Level Annotations

Branches:
Dungeon (1/15)

Altars:


Innate Abilities, Weirdness & Mutations

You cannot wear most types of armour.
You are amphibious.
You can wear up to eight rings at the same time.
Your skin changes colour to match your surroundings (Stealth+).
Your rubbery body absorbs attacks. (AC +1, EV +1)
((You are camouflaged when in or above water. (Stealth+)))
You have tentacles for arms and can constrict up to eight enemies at once.


Message History

No target in view!
No target in view!
f - a scroll labelled YDWETERPHAU No target in view!
A kobold comes into view. It is wielding a +0 club.
A kobold is nearby!
A kobold is nearby!
The kobold hits you with a +0 club.
You see here a +0 short sword.
You hit the kobold but do no damage. You drain the kobold.
You kill the kobold!
No target in view!
No target in view!
No target in view!
Things that are here:
a +0 club; 5 stones; a kobold corpse No target in view!
No target in view!
You now have 100 gold pieces (gained 6).
You hear Xom's maniacal laughter.
There are monsters nearby!
You barely miss the soul eater. Your grab misses the soul eater.
The soul eater misses you.
There are monsters nearby!
You closely miss the soul eater. You grab the soul eater.
You constrict the soul eater. The soul eater hits you!
Ouch! That really hurt!
The soul eater completely misses you.
You are too injured to fight recklessly!
Unknown command.
It was a potion of haste.
You feel yourself speed up.
You constrict the soul eater, but do no damage.
The soul eater closely misses you.
The soul eater draws from the surrounding life force!
* * * LOW HITPOINT WARNING * * *
Okay, then.
You release your grip on the soul eater.
The soul eater barely misses you.
The soul eater draws from the surrounding life force!
You die...

## ##### .#
##.33### .#
###..##..### .#
#...#####@.### .#
##.### ###..# .#
...# ##.+ .#
###.# ###..# .#
.#
#.#######..######
#.. .#
#....##..#### #.#
# .#
#.##...####.# #.#
# .# #.###### #.#
#.# #.. .# #.#
#.# #.# .....#


You could see 2 soul eaters.

Vanquished Creatures
  5 endoplasms (D:1)
  3 giant cockroaches (D:1)
  3 jackals (D:1)
  A quokka (D:1)
  4 ball pythons (D:1)
  4 bats (D:1)
  A frilled lizard (D:1)
  2 goblins (D:1)
  7 kobolds (D:1)
  2 rats (D:1)
32 creatures vanquished.

Notes
Turn   | Place    | Note
-------+----------+-------------------------------------------
     0 | D:1      | M4edhros the Octopode Chaos Knight began the quest for the
                  | Orb.
     0 | D:1      | Reached XP level 1. HP: 16/16 MP: 1/1
   453 | D:1      | XOM: silly message
   580 | D:1      | XOM: 1-stop teleportation journey
   584 | D:1      | XOM: potion effect (haste)
   815 | D:1      | Reached XP level 2. HP: 19/21 MP: 2/2
  1073 | D:1      | Reached XP level 3. HP: 23/26 MP: 3/3
  1078 | D:1      | XOM: smoke on damage
  1159 | D:1      | XOM: silly message
  1240 | D:1      | XOM: torment (14/26 hp)
  1481 | D:1      | XOM: summons 2 hostile demons
  1482 | D:1      | Noticed a soul eater
  1482 | D:1      | Noticed a soul eater
  1491 | D:1      | Slain by a soul eater

Illustrated notes

Levels and vault maps discovered:
D:1:      dpeg_arrival_triangle_fractal, layout_loops_ring,
          chequers_serial_rivers_micro_a, grunt_decor_clamped

Action                   || total
-------------------------++-------
Melee: Mace              ||    60
       Tentacles         ||    10
       Constrict         ||    15
       Punch             ||     1
  Use: Potion            ||     1
 Stab: Sleeping          ||     3
Armor: Skin              ||     5
Dodge: Dodged            ||    60

Table legend: (Time is in decaauts)
 A = Elapsed time spent in this place.
 B = Non-inter-level travel time spent in this place.
 C = Inter-level travel time spent in this place.
 D = Time resting spent in this place.
 E = Time spent auto-exploring this place.
 F = Levels seen in this place.
 G = Mean time per level.
                   A        B        C        D        E       F      G
               +--------+--------+--------+--------+--------+-----+--------+
         Total |   1484 |   1484 |      0 |    601 |    700 |   1 | 1484.0 |
       Dungeon |   1484 |   1484 |      0 |    601 |    700 |   1 | 1484.0 |
               +--------+--------+--------+--------+--------+-----+--------+

Top non-repeatable levels by time:
     D:1: 1484 daAuts
